AoeStats
← Smiley

MegaRandom

510374301Analyzed
4v4 RM · 1d ago on Sep 30, 2026· 24m 45s· 8 players
Game mode
Random Map
Map size
Large (8 player)
Population
200
Speed
Normal
Resources
Standard
Victory
Conquest
Starting age
Dark Age
Ending age
Imperial Age
RankedLock teamsTeams togetherTeam positionsShared explorationLock speedFull tech treeHidden civsTurbo modeCheats
Victory
Defeat
🇨🇭 Hindustanis · Switzerland
1502
+10
🇨🇭 Bohemians · Switzerland
1453
+12
🇩🇪 Romans · Germany
1328
+17
🇵🇰 Portuguese · Pakistan
915
+30
🇫🇷 Burgundians · France
1366
-18
🇪🇸 Ethiopians · Spain
1363
-18
🇩🇪 Sicilians · Germany
1343
-17
🇹🇷 Spanish · Türkiye
1305
-16
tH_cept
7:40 Loom
10:22 Feudal Age
11:59 Horse Collar
14:54 Scale Barding Armor
16:03 Forging
20:17 Double-Bit Axe
24:42 Castle Age
24:16 Fletching
25:25 Bloodlines
M.Gallego
6:46 Loom
10:02 Feudal Age
13:41 Fletching
14:41 Padded Archer Armor
HasNicktir
10:33 Feudal Age
14:56 Castle Age
15:05 Loom
lefournion
6:14 Loom
9:52 Feudal Age
8:37 Double-Bit Axe
10:52 Bow Saw
12:47 Wheelbarrow
15:39 Hand Cart
21:47 Forging
22:17 Scale Barding Armor
[PSCH] Reh
5:50 Loom
10:05 Feudal Age
10:36 Double-Bit Axe
14:25 Fletching
15:28 Padded Archer Armor
15:26 Horse Collar
22:36 Castle Age
23:31 Bow Saw
22:45 Crossbowman
23:21 Bodkin Arrow
23:47 Heavy Plow
25:32 Leather Archer Armor
Smiley
6:03 Loom
8:55 Feudal Age
9:24 Double-Bit Axe
9:31 Horse Collar
14:59 Scale Barding Armor
16:14 Bloodlines
25:18 Castle Age
24:17 Forging
SlaP
6:21 Loom
9:07 Feudal Age
9:40 Double-Bit Axe
19:11 Castle Age
18:27 Gold Mining
18:18 Horse Collar
19:20 Crossbowman
19:56 Fletching
20:57 Bodkin Arrow
Wild Nût Buster
10:50 Feudal Age
14:09 Loom
19:37 Castle Age
18:26 Stone Mining
24:13 Forging
Connection lost

Rejoining the realm…

Still unreachable

The connection could not be restored.

Session expired

The server has moved on; the page needs a fresh start.